Workbook
Name _115.8_42.5_13.2_13.5_11.9_15.8: #REF!
Name _m2: #REF!
Name _m3: '[1]5期B栋会所装饰精装修'!$E$3
Name a: EVALUATE(#REF!)
Name aa: EVALUATE(#REF!)
Name ac: #REF!
Name _AC1: #REF!
Name ad: '[2]21'!$A$1:$A$802
Name ae: '[2]21'!$B$1:$B$802
Name b: EVALUATE(#REF!)
Name d: EVALUATE(#REF!)
Name dw: [3]单位库!$A:$A
Name e: EVALUATE(#REF!)
Name _PC20: #REF!
Name q: EVALUATE([4]佛山万科污水处理项目土建工程量清单!#REF!)
Name series01: #REF!
Name series02: #REF!
Name series03: #REF!
Name series04: #REF!
Name series05: #REF!
Name series06: #REF!
Name series07: #REF!
Name series08: #REF!
Name series09: #REF!
Name series10: #REF!
Name _val1: EVALUATE(SUBSTITUTE(SUBSTITUTE(#REF!,"[","*ISTEXT(""["),"]","]"")"))
Name _val2: EVALUATE(SUBSTITUTE(SUBSTITUTE(#REF!,"[","*ISTEXT(""["),"]","]"")"))
Name _val3: EVALUATE(SUBSTITUTE(SUBSTITUTE(#REF!,"[","*ISTEXT(""["),"]","]"")"))
Name _W200: '[2]21'!$B$1:$B$802
Name x: EVALUATE(SUBSTITUTE(SUBSTITUTE(#REF!,"[","*ISTEXT(""["),"]","]"")"))
Name _x1: #REF!
Name __ys1: #REF!
Name et: #REF!
Name _ys3: #REF!
Name zxd: #REF!
Name 材料分类: OFFSET(#REF!,0,0,1,COUNTA(#REF!))
Name 材料清单: OFFSET(#REF!,1,MATCH(#REF!,#REF!,0)-1,COUNTA(OFFSET(#REF!,1,MATCH(#REF!,#REF!,0)-1,500,1)),1)
Name 承台含桩长: #REF!
Name 单边工作面宽: #REF!
Name 单位: OFFSET(#REF!,0,0,1,COUNTA(#REF!))
Name 导线根数: #REF!
Name 地坪厚度: #REF!
Name 垫层单边突出宽: #REF!
Name 垫层厚: #REF!
Name 垫层厚度: #REF!
Name 垫层突出单边宽: #REF!
Name 定额_清单: '[5]定额(清单)库'!$A:$C
Name 分部工程: #REF!
Name 分项工程: #REF!
Name 工程量: EVALUATE([6]工程量计算表!$F1)
Name 工程量计算式: #REF!
Name 工作面单边宽: #REF!
Name 配管材质: OFFSET(#REF!,0,0,1,COUNTA(#REF!))
Name 配管方式: OFFSET(#REF!,0,0,1,COUNTA(#REF!))
Name 室内标高: #REF!
Name 室内外地台差: #REF!
Name 室内外高差: #REF!
Name 踢脚线高: #REF!
Name 箱至顶: #REF!
Name 序号: IF([3]汇总表!$B1="","",COUNTA([3]汇总表!$B1:$B$3))

Sheet 招-封面 招标控制价
A1: （招-封面）
C2: 档案号： | F2: 琼-BJZC-2022-084
A4: 海南省工程建设项目
A5: 招标控制价
B7: 建设项目名称： | D7: 海南电网有限责任公司档案数字化扫描项目
B9: 招标单位名称： | D9: (加盖单位公章)
B11: 编制单位名称： | D11: 中晨工程咨询有限公司(盖单位章)
B13: 编 制 日 期 ： | D13: 年 月

Sheet 招-签署页 招标控制价
B1: (招-签署页)
D2: ='招-封面 招标控制价'!D7 -> 海南电网有限责任公司档案数字化扫描项目 | I2: 工程
D3: 招标控制价
B4: 招标控制价 | C4: / | H4: 元
B5: （大写）： | D5: =C4 -> /
B6: 招 标 人： | G6: 造价咨询人：
C7: (单位盖章) | H7: (单位盖章)
B9: 法定代理人 或其授权人： | G9: 法定代理人 或其授权人：
C10: (签字或盖章) | H10: (签字或盖章)
B12: 编 制 人： | G12: 复 核 人：
C13: (造价人员签字盖专用章) | H13: (造价工程师签字盖专用章)
B18: 编 制 时 间： | C18: 年 月 日 | G18: 复 核 时 间： | H18: 年 月 日

Sheet 编制说明
A1: （招-说明）
A2: 编制说明
A3: 一、工程概况 1、名称:海南电网有限责任公司档案数字化扫描项目 2、服务范围 包括对海南电网公司本部及26家所属分、子公司的文书、合同、法律案件、采购项目、电网建设项目、小型基建项目、信息化项目、科技项目等约460万页（按A4幅面统计）的纸质档案开展档案数字化工作，档案目录著录，以及部分档案案卷整理等内容。数字化页数、目录条目数和档案整理数量（件数）以双方验收确认后的工作量为准。 3、服务期限 （1）2023年6月-2024年12月。 （2）对办公场所清单内的单位海档案数字化扫描归档。
A4: 二、服务内容及要求 一、基本要求 1.档案数字化以驻点采购方所属单位方式开展。 2.挑选业务熟练、相关项目经验丰富的人员，项目负责人应具有至少3年以上的档案数字化项目管理经验，项目成员应通过档案专业相关培训。项目实施人员在工作期间必须保持稳定、不得随意调换，特殊情况须提前一周书面报采购人审批同意。 3.需执行的技术规范：《纸质档案数字化规范》（DA/T31—2017）、《档案服务外包工作规范 第2部分：档案数字化服务》（DA/T68.2—2020）。 4.保密要求：所有工作人员必须严格遵守《中华人民共和国保密法》、《中华人民共和国档案法》等有关规定，中标单位须与采购方签订保密协议，所有工作人员须与中标单位签订保密协议，不得以任何方式对外泄露档案信息的内容，并向采购方提供书面保密承诺书。 5.培训要求：所有工作人员在本项目开工前须接受一次由采购人组织的培训。培训内容包括工作要求须知和保密、安全培训。通过培训，所有工作人员应熟悉工作内容、工作方法、工作环境。 二、档案数字化加工要求 档案数字化加工主要流程包括：提卷-拆卷-档案著录-扫描-图像处理-校对-图像及目录数据挂接-终验-档案复原-还卷入库。 （一）扫描前处理工作要求 1.接收档案，严格执行档案交接手续，形成交接清单（完成清点登记）。 2.档案整理（拆卷、去钉、编页、登记），如档案原件破损，应先进行技术修复后再进行扫描。 3.按照扫描处理量明确交接周期和档案交接量（双方签字确认，避免实施过程中档案损坏、丢失。） 4.档案标引及目录著录：原档案无目录、只有纸质目录或目录格式不规范的，应按照采购方要求形成符合数据挂接格式的电子版的档案目录。档案目录经核对无误后，须打印放入原案卷内。 （二）档案扫描 1.扫描方式：根据档案幅面大小选择符合要求的扫描仪。大幅面档案可采用加长式扫描或者图像拼接方式处理。 2.扫描色彩模式及分辨率选择：以黑白二值扫描为主，附有灰度（彩色）照片、彩色图形图案或红头文件的原件，以及分辨度低的档案，应采取灰度或彩色扫描模式。文字、图像清晰，纸张质量较好的文件分辨率为200dpi，彩色扫描模式，以及原件字迹模糊、不清楚的，分辨率为300dpi。 3.清晰度：扫描图像字迹清晰、颜色恰当，不得出现字迹笔画残缺或字迹笔画叠合而影响阅读的情况。 4.原件纸张较差或已破损的，应在扫描时注意保护原件，不能造成二次破坏，并注意保持历史原貌。 5.扫描登记：认真登记扫描页数，及时核对实际扫描页数与登记页数是否一致，不一致时应注明具体原因和处理方法。 （三）图像处理 1.逐张检查图像质量（包括黑边、折角、图像偏斜度、清晰度、失真度等进行检查，发现不符合图像质量要求时，应重新进行图像处理），档案顺序（页号）是否正确，有无漏扫、重张等情况（发现文件漏扫时，应及时补扫并正确插入图像。发现扫描图像的排列顺序与档案原件不一致时，应及时进行调整）。保证扫描图像完整、无缺漏，扫描图像图框应与纸张边缘保留1厘米左右的宽度。 2.纠偏：图像整体倾斜不得超过正负3度。如果档案页面存在部分倾斜的，以页面中标题纠正为准，图像整体上应达到视觉上基本不感觉到偏斜为准。对方向不正确的图像应进行旋转还原，以符合阅读习惯，即文字向上、纵向页面纵向显示、横向页面横向显示。 3.去污：所有扫描留下的黑线、指印、阴影或污点都必须清除干净（放大50%情况下），如果在页面视图下看不清楚，或该污点嵌在文本行中无法清除，可以不清除，但应保证图像可读。 4.图像拼接：对大幅面档案进行分区扫描形式的多幅图像，应进行拼接处理，合并为一个完整的图像，且合并后的图像信息与档案原件保持一致。 5.照片页处理：必要时采用专业的图像处理软件进行处理，确保照片清晰、图像完整。 6.图像存储：图像存储一式两套，JPEG格式用于长期备份存储，PDF格式用于数据挂接，一份文件的所有JPEG页面合成为一个PDF文件。在保证影像质量的前提下，裁剪扫描形成的图像图框外的无效画幅，尽量缩小文件占用空间。扫描文件存储命名必须与条目档案号一一对应。 7.图像挂接：扫描处理后的图像成品，按采购方要求上传至档案专用服务器或导入指定的档案管理信息系统相应类目，确保目录与原文的一一对应，并进行成品质检。 8.著录目录挂接：将修改完善后的档案电子目录导入采购方档案管理信息系统，并与挂接图像一一对应。 （四）图像质检 全面检验数字化图像、数据挂接、目录数据是否与档案原件一致，挂接率合格率须为100%。发现任何有质量达不到要求的，应进行重扫、补扫等操作。 三、还卷及档案数字化成果提交 1.严格按照采购方要求对档案进行有序还原，逐卷检查无误后，双方在还卷交接单上签字确认。 2.成果提交 （1）数字化成果备份数据，包括扫描后的原始JPEG格式图像、合成PDF格式图像以及档案目录数据EXCEL格式文档，应制作一式三套，两套存储于DVD（一次写入型光盘DVD-R）光盘中（光盘应制作索引目录并标示光盘编号，注明光盘内主要信息，核对刻录信息无错漏），第三套存储于可移动固态硬盘中（不得用移动U盘代替）。 （2）技术文档，包括项目实施方案、数据检验报告、数据成果清单、项目总结报告、数字化过程各项工作记录及问题记录等材料。技术文档可拷入光盘和移动硬盘中一并移交。
E5: （二）对办公场所清单内的单位每月开展一次设备维护保养。
A8: 三、服务内容 一、加工质量保障措施 1．严格遵照执行合同约定要求，避免项目转包、分包引起的管理混乱和质量风险。 2．严格按照我方制定的人员和设备投入计划进场加工，确保人员设备供应，为项目进度和质量提供保障。 3．在该项目加工过程中，我方所有现场加工人员均受我公司《数字化作业人员质量考核制度》的约束，并承担相应奖罚结果。 二、多环节，多层次的质量检查体系。 1.对档案签收和属性数据录入的质量检查，主要内容：档案签收的准确性，完整性和即时性；数据内容齐全，属性数据输入准确；与数据校对的档案交接。 2.对数据校对处理的质量检查，主要内容：校对后的数据内容齐全，正确；纸质档案实体完整，还案及时无误。 3.对数据迁移的质量检查，主要内容：迁移后的数据的完整性准确性；对数据进行组合查询并且结果正确；对数据进行汇总统计并输出标准表格，试运行无死机现象。 4.在完成以上每个环节后，检查人员将其数据再次进行一遍全面的复查，尤其对检查记录单上更正后的错误进行仔细的检查，确保扫描得来的数据与源文件内容完全一致。 5.实施项目负责人对成品数据进行百分之十的抽查，在抽查时将该查数据的年度、保管期限、全宗号、卷号、卷内顺序号等目录信息是否准确无误，再对获取图像数据的亮度、歪斜、是否错页等方面进行抽查，如有不合格的数据及时进行统计和修正，确保最终数据的准确无误。
A11: 四、编制依据 1、服务费用参照三方报价，按各项报价综合单价计取单价费用，汇总后为本项目控制价费用； 2、具体要求、内容详见项目技术规范书； 3、报价详见报价公司附件； 4、报价为含税单价，税率参照国家标准。

Sheet 总表 
A1: 总表
A2: 序号 | B2: 费用内容 | C2: 金额（人民币元） | D2: 备注
A3: 1 | B3: 平台服务 | C3: ='1-平台服务'!D6 -> 0
A4: 2 | B4: 其他服务 | C4: =#REF! -> #REF!
A5: 3 | B5: 其他费用 | C5: ='3-其他费用'!D12 -> 0
B6: 合计 | C6: =SUM(C3:C5) -> #REF!
B8: 注：表中的1、2、3项勿需自行填写，只要据实填写了“1-平台服务”、“2-其他服务”及“其他费用”三个子表，
B9: 即可生成这三项数据与合计项。

Sheet 表1
A1: 附表
A2: 海南电网有限责任公司2023年药品采购项目招标限价表
F3: 单位：元
A4: 序号 | B4: 物资名称 | C4: 规格型号 | D4: 单位 | E4: 综合单价 | F4: 备注
A5: 1 | B5: 阿法骨化醇片 | C5: 0.5ug:10*1 | D5: 瓶 | E5: 39
A6: 2 | B6: 阿卡波糖片 | C6: 50mg:30T*1 | D6: 盒 | E6: 19.5
A7: 3 | B7: 阿利沙坦酯片 | C7: 240mg:7T*1 | D7: 盒 | E7: 33.8
A8: 4 | B8: 阿仑膦酸钠 | C8: 70mg*1 | D8: 盒 | E8: 71.5
A9: 5 | B9: 阿莫西林胶囊 | C9: 0.25g:30s*1 | D9: 盒 | E9: 10
A10: 6 | B10: 阿莫西林克拉维酸钾分散片7:1 | C10: 0.2285g（0.2g:28.5mg）：12T*1 | D10: 盒 | E10: 13
A11: 7 | B11: 阿奇霉素分散片 | C11: 0.25g:6T*1 | D11: 盒 | E11: 6.5
A12: 8 | B12: 阿奇霉素干混悬剂 | C12: 0.1g*6袋 | D12: 盒 | E12: 15.6
A13: 9 | B13: 阿司匹林肠溶片 | C13: 100mg:30*1 | D13: 盒 | E13: 16.9
A14: 10 | B14: 阿托伐他汀钙片 | C14: 10mg:7T*1 | D14: 盒 | E14: 6.5
A15: 11 | B15: 阿托伐他汀钙片 | C15: 20mg:7T*1 | D15: 盒 | E15: 19.5
A16: 12 | B16: 阿托伐他汀钙片（阿乐） | C16: 10mg:7T*1 | D16: 盒 | E16: 14.5
... A225: 221 | B225: 左氧氟沙星滴眼液 | C225: 5ml：24.4mg | D225: 支 | E225: 7

Sheet 1-平台服务
A1: 平台服务投资估算
A2: 序号 | B2: 服务项名称 | C2: 起止时间 | D2: 金额 | E2: 备注
A3: 1 | B3: 服务项1
A4: 2 | B4: 服务项2
A5: i | B5: ……
B6: 合计 | D6: =SUM(D3:D5) -> 0
B8: 已对此子表的各数据项设置了与其他子表和汇总表的计算关联，使用时仅需根据项目的实际情况填入具体数字即可。

Sheet 3-其他费用
A1: 其他费用
A2: 序号 | B2: 名称 | C2: 取费标准 | D2: 金额（人民币元） | E2: 备注
A3: 一 | B3: 服务购买费用
A4: 1 | B4: 平台服务 | D4: ='1-平台服务'!D6 -> 0
A5: 2 | B5: 其他服务 | D5: =#REF! -> #REF!
B6: 小计 | D6: =SUM(D4:D5) -> #REF!
A7: 二 | B7: 其他费用
A8: 1 | B8: 方案编制费 | D8: - | E8: 小计*最新规定取费标准（例：%1）
A9: 2 | B9: 招标代理费 | D9: - | E9: 小计*最新规定取费标准（例：%1）
A10: 3 | B10: 监理费 | D10: - | E10: 小计*最新规定取费标准（例：%1）
A11: 4 | B11: 预备费 | D11: - | E11: 小计*最新规定取费标准（例：%1）
A12: 合计 | D12: =SUM(D8:D11) -> 0
B14: 注：1、表中的“取费标准”系模拟数字，不以为准。请在实际使用此表时，根据当时、当地的取费依据据实填写“取费标准”；
B15: 2、已对此子表的各数据项设置了与其他子表和汇总表的计算关联，使用时仅需根据项目的实际情况填入具体数字即可。

Sheet 附表1 多方报价
A1: （附表1）
A2: 海南电网有限责任公司档案数字化扫描项目多方报价汇总表
J3: 单位：元
A4: 项目名称 | B4: 序号 | C4: 报价单位 工作内容 | D4: 服务要求 | E4: 单位 | F4: 报价单位 | J4: 综合 单价
F5: 海南兰友信息科技发展有限公司 | G5: 海南省人力资源市场有限公司 | H5: 海南智汇科技有限公司 | I5: 海南万佳通信息技术有限公司
A6: ='招-封面 招标控制价'!D7 -> 海南电网有限责任公司档案数字化扫描项目 | B6: 1 | C6: 海南电网公司本部以及所属信通分公司、海口供电局等20多家单位纸质档案数字化（包括目录著录、扫描、图像处理、数据挂接、成果备份移交），约460万页（按A4幅面预估，实际以验收为准） | D6: （扫描页数按A4幅面折算，A3=2页A4，A2=4页A4，A1=8页A4，A0=16页A4） | E6: 页 | F6: 0.8 | G6: 0.6 | H6: 0.72 | I6: 0.8 | J6: =ROUND(SUM(F6:I6)/4,2) -> 0.73
B7: 2 | C7: 海南电网公司本部以及所属信通分公司、海口供电局等20多家单位纸质档案整理（预估，实际以验收为准） | D7: 包括档案装订、分类、编页、填盖归档章（档号章），打印卷内目录、备考表等 | E7: 件 | F7: 8 | G7: 9 | H7: 7 | I7: 8 | J7: =ROUND(SUM(F7:I7)/4,2) -> 8
B8: 3 | C8: 海南电网公司本部以及所属信通分公司、海口供电局等20多家单位纸质档案目录著录（预估，实际以验收为准） | D8: 包括部分档案案卷著录卷内目录，或目录修改完善 | E8: 条 | F8: 0.8 | G8: 0.8 | H8: 0.85 | I8: 0.9 | J8: =ROUND(SUM(F8:I8)/4,2) -> 0.84

Sheet 测算费用
A1: 序号 | B1: 信息系统名称 | C1: 所定级别 | D1: 业务应用及数据服务器数量 | E1: 收费基数A（单位万元） | F1: 灾备情况（B1） | G1: 多系统测评（B2） | H1: B=B1*B2 | I1: 费用F=A*B
A2: 1 | B2: 信息系统1 | C2: 4 | D2: 1 | E2: 16 | F2: 2 | G2: 1 | H2: =F2*G2 -> 2 | I2: =E2*H2 -> 32
A3: 2 | B3: 信息系统2 | C3: 3 | D3: 16 | E3: 14 | F3: 2 | G3: 0.6 | H3: =F3*G3 -> 1.2 | I3: =E3*H3 -> 16.8
A4: 3 | B4: 信息系统3 | C4: 2 | D4: 5 | E4: 7 | F4: 2 | G4: 0.7 | H4: =F4*G4 -> 1.4 | I4: =E4*H4 -> 9.8
A5: 4 | B5: 合计 | I5: =SUM(I2:I4) -> 58.6

Sheet 封底
D42: 海南省建设工程造价咨询成果文件统一格式
D45: 海南省建设工程造价管理协会编制
